Map: Orbital Shipyard

Players

Papirone - Winner!

  • Race: Zerg Zerg
  • League: Platinum

ImotoFantasy

  • Race: Protoss Protoss
  • League: Platinum

VOD

Have the link to the VOD?

Description

Time

  • Played on: Oct. 27, 2015, 11:34 p.m.
  • Length: 6:32
Show
View Real Time Build Order
Export as new Build Order

Papirone Zerg - Winner!

Build Orders: Hatch First 

Get SALT Encoding   

  12  0:02  Drone  
  13  0:12  Overlord  
  13  0:17  Drone  
  14  0:30  Drone  
  14  0:31  Drone  
  16  0:41  Drone  
  17  0:52  Hatchery  
  17  0:56  Drone  
  17  0:58  Drone  
  18  1:13  Spawning Pool  
  18  1:16  Drone  
  19  1:18  Drone  
  19  1:28  Drone  
  20  1:38  Overlord  
  20  2:00  Queen  
  22  2:02  Drone x2  
  22  2:05  Queen  
  22  2:07  Zergling x2  
  27  2:11  Drone  
  28  2:18  Zergling x2  
  29  2:28  Overlord  
  29  2:29  Drone  
  30  2:32  Hatchery  
  29  2:45  Drone x3  
  29  2:49  Extractor  
  29  2:50  Extractor  
  30  2:57  Drone x2, Queen  
  34  3:06  Drone x2  
  36  3:15  Drone x7  
  43  3:26  Drone  
  44  3:27  Overlord  
  44  3:42  Overlord  
  44  3:47  Drone x5  
  44  3:48  Drone x3  
  52  3:51  Lair  
  52  3:53  Metabolic Boost  
  52  3:59  Drone x3  
  55  4:04  Extractor  
  55  4:06  Extractor  
  55  4:07  Roach Warren  
  55  4:09  Drone  
  53  4:10  Drone x2  
  53  4:14  Overlord  
  55  4:30  Drone x9  
  64  4:37  Evolution Chamber  
  63  4:46  Overlord  
  63  4:47  Overlord x2  
  63  4:54  Drone x2  
  63  4:56  Drone x2  
  63  4:57  Nydus Network  
  63  4:58  Roach x4  
  74  5:00  Glial Reconstitution  
  73  5:21  Roach x8  
  75  5:22  Overlord x3  
  89  5:32  Overlord x3  
  89  5:42  Roach x2  
  95  5:43  Roach x3  
  95  5:48  Nydus Canal  
  99  5:50  Overseer  
  99  5:53  Roach  
  99  5:54  Roach x3, Zergling x2  
  99  5:55  Zergling x14  
  115  6:03  Zergling x6  
Show
View Real Time Build Order
Export as new Build Order

ImotoFantasy Protoss 

Build Orders: Double Forge, Nexus First 

Get SALT Encoding   

  12  0:01  Probe (Chrono Boost)  
  13  0:11  Probe (Chrono Boost)  
  14  0:18  Pylon  
  14  0:22  Probe (Chrono Boost)  
  15  0:36  Probe (Chrono Boost)  
  16  0:46  Probe (Chrono Boost)  
  17  0:57  Probe (Chrono Boost)  
  17  1:04  Nexus  
  18  1:08  Probe (Chrono Boost)  
  19  1:20  Forge  
  19  1:21  Probe (Chrono Boost)  
  20  1:32  Gateway  
  20  1:33  Probe (Chrono Boost)  
  20  1:35  Assimilator  
  20  1:37  Assimilator  
  21  1:44  Probe (Chrono Boost)  
  22  1:54  Probe (Chrono Boost)  
  22  1:59  Pylon  
  23  2:20  Cybernetics Core  
  23  2:22  Probe (Chrono Boost)  
  24  2:23  Probe (Chrono Boost)  
  25  2:33  Probe (Chrono Boost)  
  25  2:35  Nexus  
  25  2:36  Probe (Chrono Boost)  
  27  2:41  Zealot  
  28  2:47  Probe (Chrono Boost)  
  29  2:52  Pylon  
  29  2:54  Probe (Chrono Boost)  
  32  2:59  Mothership Core (Chrono Boost)  
  32  3:00  Warp Gate  
  32  3:04  Probe (Chrono Boost)  
  33  3:15  Sentry, Probe (Chrono Boost)  
  33  3:17  Probe (Chrono Boost)  
  37  3:25  Probe (Chrono Boost)  
  38  3:27  Stargate  
  38  3:31  Probe (Chrono Boost)  
  39  3:36  Probe (Chrono Boost)  
  40  3:42  Probe (Chrono Boost)  
  40  3:44  Assimilator  
  40  3:46  Probe (Chrono Boost)  
  40  3:47  Probe (Chrono Boost)  
  40  3:48  Assimilator  
  43  3:52  Probe (Chrono Boost)  
  44  3:57  Probe (Chrono Boost)  
  44  4:00  Pylon  
  44  4:01  Probe (Chrono Boost)  
  46  4:03  Probe (Chrono Boost)  
  47  4:10  Probe (Chrono Boost)  
  47  4:11  Probe (Chrono Boost)  
  47  4:12  Phoenix (Chrono Boost)  
  47  4:13  Probe  
  52  4:20  Probe  
  52  4:23  Probe  
  54  4:25  Probe, Forge  
  54  4:30  Probe  
  55  4:34  Fleet Beacon, Phoenix (Chrono Boost)  
  55  4:35  Probe  
  55  4:38  Probe  
  60  4:41  Probe  
  61  4:47  Probe  
  61  4:49  Stargate  
  61  4:50  Probe  
  63  4:54  Stargate  
  63  5:03  Probe  
  63  5:05  Probe x2  
  66  5:07  Assimilator  
  66  5:10  Assimilator  
  65  5:17  Photon Cannon  
  65  5:18  Photon Cannon  
  65  5:19  Probe  
  65  5:21  Probe x2  
  67  5:22  Photon Cannon  
  68  5:31  Phoenix (Chrono Boost)  
  68  5:33  Probe  
  68  5:34  Probe x2  
  75  5:37  Phoenix (Chrono Boost)  
  75  5:43  Pylon  
  75  5:47  Pylon  
  75  5:51  Pylon  
  75  5:56  Pylon  
  75  5:58  Pylon  
  87  6:16  Photon Cannon  
  87  6:18  Photon Cannon  
  87  6:19  Photon Cannon  
Tags
 
Add a new tag
Caveats
  • Supply blocks, unpowered buildings, or Contaminate may cause inaccurate times.
  • Supply counts are checked every 10 seconds.